 Dungeon Sprint DCSS version 0.14-a0-2679-gcb94c3d (webtiles) character file.

4096 BluebellGnoll the Sorcerer (level 10, -4/50 HPs)
             Began as a Deep Elf Fire Elementalist on Feb 17, 2014.
             Was the Champion of Sif Muna.
             Splashed by an oklob plant's acid (21 damage)
             ... in the Dungeon (Sprint IX: "|||||||||||||||||||||||||||||").
             The game lasted 00:16:16 (1164 turns).

BluebellGnoll the Sorcerer (DEFE)                   Turns: 1164, Time: 00:16:16

HP  -4/50        AC  5     Str  8      XL: 10   Next:  5%
MP  28/38        EV 19     Int 24      God: Sif Muna [******]
Gold 8           SH  0     Dex 15      Spells:  8 memorised, 25 levels left

rFire  . . .     SeeInvis .     w - +2 morningstar (protect)
rCold  . . .     Clarity  .     (no armour)
rNeg   . . .     Conserve .     (no shield)
rPois  .         rCorr    .     (no helmet)
rElec  .         rRot     .     (no cloak)
SustAb . .       Spirit   .     (no gloves)
rMut   .         Warding  .     (no boots)
Saprov . . .     NoTele   +     (no amulet)
MR     +....                    p - +3 ring of strength
                                o - +2 ring of evasion

@: somewhat resistant to hostile enchantments, fairly stealthy
A: no striking features
a: Channel Energy, Forget Spell, Renounce Religion


You were in the Dungeon.
You worshipped Sif Muna.
Sif Muna was exalted by your worship.
You were not hungry.

You visited 1 branch You collected 8 gold pieces.

Inventory:

Hand weapons
 q - a +0,+2 bow
 w - a +2,+2 morningstar of protection (weapon)
Missiles
 j - 4 darts (quivered)
 t - 8 poisoned arrows
Armour
 a - a +0 elven robe
 r - a +0 helmet
Magical devices
 n - a wand of draining (7)
Comestibles
 D - a chunk of giant frog flesh
Scrolls
 i - 3 scrolls of blinking
 l - 4 scrolls of remove curse
 m - 2 scrolls of amnesia
 x - a scroll of fear
 y - a scroll of recharging
 A - a scroll of fog
Jewellery
 o - a +2 ring of evasion (left hand)
 p - a +3 ring of strength (right hand)
 u - an uncursed ring of protection from fire
Potions
 c - a potion of berserk rage
 d - 7 potions of curing
 e - 5 potions of heal wounds
 f - a potion of speed
 g - 4 potions of magic
 h - a potion of invisibility
 v - a potion of agility
Books
 b - a book of Flames

   Spells                             Type                      Level
   *Flame Tongue                      Conjuration/Fire             1
   *Throw Flame                       Conjuration/Fire             2
   *Conjure Flame                     Conjuration/Fire             3
   *Inner Flame                       Hexes/Fire                   3
   *Sticky Flame                      Conjuration/Fire             4
   *Fireball                          Conjuration/Fire             5
 k - Sif Muna's Volume of Flamy Combat Magic
   (Sif Muna gifted it to you in the Dungeon)

   Spells                             Type                      Level
   Magic Dart                         Conjuration                  1
   Fire Brand                         Charms/Fire                  2
   *Mephitic Cloud                    Conjuration/Poison/Air       3
   *Bolt of Magma                     Conjuration/Fire/Earth       5
   Fire Storm                         Conjuration/Fire             9
 B - a book of Fire

   Spells                             Type                      Level
   Fire Brand                         Charms/Fire                  2
   Ignite Poison                      Fire/Transmutation           5
   *Fireball                          Conjuration/Fire             5
   Bolt of Fire                       Conjuration/Fire             6
   Delayed Fireball                   Conjuration/Fire             7
   Ring of Flames                     Charms/Fire                  7
 C - Sif Muna's Incunabulum of the Destructive Arsonist
   (Sif Muna gifted it to you in the Dungeon)

   Spells                             Type                      Level
   *Flame Tongue                      Conjuration/Fire             1
   *Fireball                          Conjuration/Fire             5
   Ring of Flames                     Charms/Fire                  7
   Delayed Fireball                   Conjuration/Fire             7
 E - Sif Muna's Reference Book on Boosts
   (Sif Muna gifted it to you in the Dungeon)

   Spells                             Type                      Level
   Infusion                           Charms                       1
   Regeneration                       Charms/Necromancy            3
   Death's Door                       Charms/Necromancy            8
Magical staves
 z - an uncursed staff of energy


   Skills:
 - Level 8.6 Dodging
 - Level 2.4 Stealth
 - Level 21.2 Spellcasting
 * Level 10.0 Conjurations
 + Level 11.5 Fire Magic


You had 25 spell levels left.
You knew the following spells:

 Your Spells              Type           Power        Failure   Level  Hunger
a - Flame Tongue          Conj/Fire      #####        1%          1    None
b - Conjure Flame         Conj/Fire      ######..     1%          3    None
c - Inner Flame           Hex/Fire       ######..     1%          3    None
d - Sticky Flame          Conj/Fire      ######..     1%          4    None
e - Throw Flame           Conj/Fire      ######       1%          2    None
f - Fireball              Conj/Fire      ######....   1%          5    None
g - Mephitic Cloud        Conj/Pois/Air  #####...     1%          3    None
h - Bolt of Magma         Conj/Fire/Erth ######....   2%          5    None


Dungeon Overview and Level Annotations

Branches:
Dungeon (1/1)

Altars:
Ashenzari
Cheibriados
Dithmenos
Elyvilon
Fedhas
Kikubaaqudgha
Makhleb
Nemelex Xobeh
Okawaru
Sif Muna
Trog
Vehumet
Xom
Yredelemnul
Zin
The Shining One

Annotations:
D exclusion: oklob plant


Message History

Really walk into a travel-excluded area?
You see here a porcupine corpse.
You see here a giant mite corpse.
Casting: Flame Tongue
Confirm with . or Enter, or press ? or * to list all spells.
Aiming: Fireball
Press: ? - help, Shift-Dir - straight line The fireball explodes!
The fireball engulfs the oklob plant.
The oklob plant is moderately damaged.
The oklob plant spits acid at you. The splash of acid hits you!
The acid burns!
Casting: Fireball
Confirm with . or Enter, or press ? or * to list all spells.
Aiming: Fireball
Press: ? - help, Shift-Dir - straight line The fireball explodes!
The fireball engulfs the oklob plant.
The oklob plant is severely damaged.
The oklob plant spits acid at you. The splash of acid hits you!
The acid burns!
You die...

▓.▓.▓+▓
▓.▓.▓P▓
▓'▓.▓.▓
▓_▓.▓.▓
▓_▓.▓.▓
▓_▓.▓.▓
▓_▓.▓.▓
▓_▓.▓.▓
▓_▓.▓@▓
▓_▓.▓%▓
▓_▓.▓[▓
▓_▓.▓.▓
▓_▓.▓.▓
▓_▓.▓.▓
▓_▓.▓.▓
▓_▓.▓.▓
▓_▓.▓.▓


You could see an oklob plant.

Vanquished Creatures
  A hydra (D)
  A centaur warrior (D)
  A griffon (D)
  2 black mambas (D)
  A spiny frog (D)
  A two-headed ogre (D)
  A blink frog (D)
  A hippogriff (D)
  A vampire mosquito (D)
  3 porcupines (D)
  A sky beast (D)
  A phantom (D)
  A centaur (D)
  A giant frog (D)
  An agate snail (D)
  A killer bee (D)
  A crimson imp (D)
  A hound (D)
  An orc wizard (D)
  An iguana (D)
  2 adders (D)
  2 giant mites (D)
  An adder zombie (D)
  A giant gecko (D)
  2 bats (D)
  A gnoll skeleton (D)
  3 kobolds (D)
  A goblin skeleton (D)
  A kobold skeleton (D)
  A rat (D)
38 creatures vanquished.

Vanquished Creatures (others)
  A fungus (D)
1 creature vanquished.

Grand Total: 39 creatures vanquished

Notes
Turn   | Place    | Note
--------------------------------------------------------------
     0 | D        | BluebellGnoll, the Deep Elf Fire Elementalist, began the quest for the Orb.
     0 | D        | Reached XP level 1. HP: 10/10 MP: 5/5
    20 | D        | Reached skill level 4 in Spellcasting
    23 | D        | Reached skill level 5 in Spellcasting
   176 | D        | Noticed a hound
   181 | D        | Reached skill level 6 in Spellcasting
   181 | D        | Reached XP level 2. HP: 15/15 MP: 4/12
   198 | D        | Killed a hound
   198 | D        | Reached skill level 9 in Spellcasting
   198 | D        | Reached XP level 3. HP: 10/19 MP: 2/20
   212 | D        | Found a glowing golden altar of the Shining One.
   212 | D        | Found a shadowy altar of Dithmenos.
   212 | D        | Found an ancient bone altar of Kikubaaqudgha.
   212 | D        | Found a white marble altar of Elyvilon.
   212 | D        | Found a glowing silver altar of Zin.
   212 | D        | Found a basalt altar of Yredelemnul.
   212 | D        | Found a burning altar of Makhleb.
   213 | D        | Found a deep blue altar of Sif Muna.
   214 | D        | Found a snail-covered altar of Cheibriados.
   215 | D        | Found a shadowy altar of Dithmenos.
   216 | D        | Found a blossoming altar of Fedhas.
   217 | D        | Found a shimmering altar of Xom.
   218 | D        | Found a glowing golden altar of the Shining One.
   219 | D        | Found a shattered altar of Ashenzari.
   220 | D        | Found a radiant altar of Vehumet.
   221 | D        | Found a bloodstained altar of Trog.
   222 | D        | Became a worshipper of Sif Muna the Loreminder
   223 | D        | Found a sparkling altar of Nemelex Xobeh.
   224 | D        | Found an iron altar of Okawaru.
   394 | D        | Learned a level 3 spell: Conjure Flame
   398 | D        | Learned a level 3 spell: Inner Flame
   398 | D        | Noticed a phantom
   398 | D        | Noticed a crimson imp
   398 | D        | Noticed a two-headed ogre
   398 | D        | Noticed a killer bee
   414 | D        | Killed a crimson imp
   414 | D        | Reached skill level 11 in Spellcasting
   414 | D        | Reached XP level 4. HP: 22/24 MP: 12/23
   498 | D        | Learned a level 4 spell: Sticky Flame
   501 | D        | Learned a level 2 spell: Throw Flame
   512 | D        | Killed a killer bee
   512 | D        | Acquired Sif Muna's first power
   512 | D        | Reached skill level 5 in Fire Magic
   519 | D        | Killed a two-headed ogre
   519 | D        | Acquired Sif Muna's second power
   519 | D        | Acquired Sif Muna's third power
   519 | D        | Reached XP level 5. HP: 28/28 MP: 8/25
   519 | D        | Reached XP level 6. HP: 32/32 MP: 8/27
   528 | D        | Learned a level 5 spell: Fireball
   539 | D        | Killed a phantom
   539 | D        | Reached skill level 12 in Spellcasting
   685 | D        | Noticed an orc wizard
   685 | D        | Noticed a centaur warrior
   685 | D        | Noticed a centaur
   685 | D        | Noticed a sky beast
   685 | D        | Noticed a vampire mosquito
   695 | D        | Killed a vampire mosquito
   695 | D        | Reached skill level 13 in Spellcasting
   695 | D        | Reached XP level 7. HP: 36/36 MP: 16/30
   695 | D        | Killed a sky beast
   695 | D        | Reached skill level 5 in Dodging
   695 | D        | Reached skill level 14 in Spellcasting
   697 | D        | Killed a centaur
   698 | D        | Killed a centaur warrior
   698 | D        | Received a gift from Sif Muna
   698 | D        | Reached skill level 17 in Spellcasting
   698 | D        | Reached XP level 8. HP: 35/41 MP: 2/34
   716 | D        | Killed an orc wizard
   719 | D        | Identified Sif Muna's Volume of Flamy Combat Magic (Sif Muna gifted it to you in the Dungeon)
   761 | D        | Learned a level 3 spell: Mephitic Cloud
   767 | D        | Learned a level 5 spell: Bolt of Magma
   924 | D        | Noticed a hippogriff
   924 | D        | Noticed a black mamba
   924 | D        | Noticed a five-headed hydra
   924 | D        | Noticed a porcupine
   924 | D        | Noticed a blink frog
   930 | D        | Killed a blink frog
   930 | D        | Received a gift from Sif Muna
   930 | D        | Reached skill level 18 in Spellcasting
   933 | D        | Noticed an iguana
   934 | D        | Killed a porcupine
   935 | D        | Killed a five-headed hydra
   935 | D        | Reached skill level 20 in Spellcasting
   935 | D        | Reached XP level 9. HP: 45/45 MP: 16/36
   937 | D        | Killed a black mamba
   937 | D        | Received a gift from Sif Muna
   938 | D        | Noticed an agate snail
   946 | D        | Killed a hippogriff
   946 | D        | Reached skill level 21 in Spellcasting
   956 | D        | Identified Sif Muna's Incunabulum of the Destructive Arsonist (Sif Muna gifted it to you in the Dungeon)
   960 | D        | Killed an iguana
   978 | D        | Killed an agate snail
  1024 | D        | Noticed a griffon
  1024 | D        | Noticed a black mamba
  1024 | D        | Noticed a giant frog
  1024 | D        | Noticed a spiny frog
  1024 | D        | Noticed a porcupine
  1026 | D        | Killed a porcupine
  1028 | D        | Killed a spiny frog
  1028 | D        | Received a gift from Sif Muna
  1028 | D        | Reached skill level 10 in Fire Magic
  1031 | D        | Noticed a porcupine
  1034 | D        | Killed a giant frog
  1034 | D        | Killed a black mamba
  1037 | D        | Killed a griffon
  1037 | D        | Reached XP level 10. HP: 48/50 MP: 8/38
  1047 | D        | Killed a porcupine
  1047 | D        | Reached skill level 10 in Conjurations
  1058 | D        | Noticed an oklob plant
  1062 | D        | Identified Sif Muna's Reference Book on Boosts (Sif Muna gifted it to you in the Dungeon)
  1164 | D        | Splashed by an oklob plant's acid

Action                   |  1- 3 |  4- 6 |  7- 9 | 10-12 || total
-------------------------+-------+-------+-------+-------++-------
Melee: Unarmed           |    12 |       |       |       ||    12
       Dagger            |     7 |       |       |       ||     7
       Morningstar       |     9 |       |       |       ||     9
 Cast: Flame Tongue      |    11 |    19 |    30 |    10 ||    70
       Conjure Flame     |     4 |     6 |     2 |       ||    12
       Sticky Flame      |       |     1 |     3 |       ||     4
       Inner Flame       |       |     1 |     3 |       ||     4
       Fireball          |       |       |     5 |     2 ||     7
       Bolt of Magma     |       |       |     5 |       ||     5
Invok: Channel Energy    |       |       |    28 |     6 ||    34
  Use: Potion            |     1 |       |     1 |       ||     2
